 Dungeon Crawl Stone Soup version 0.29-a0-506-ga2e7fffb44 (webtiles) character file.

Game seed: 8102137193883907811

726 xian the Skirmisher (level 7, -7/96 HPs)
             Began as an Ogre Gladiator on May 28, 2022.
             Was an Initiate of Gozag.
             Mangled by a rust devil (11 damage)
             ... summoned by a kobold demonologist
             ... on level 5 of the Dungeon.
             The game lasted 00:11:29 (4972 turns).

xian the Skirmisher (Ogre Gladiator)                Turns: 4972, Time: 00:11:30

Health: -7/96      AC:  0    Str: 21    XL:     7   Next: 72%
Magic:  7/7        EV:  1    Int:  9    God:    Gozag
Gold:   514        SH:  0    Dex: 10    Spells: 6/6 levels left

rFire   x . .      SeeInvis .   A - +1 short sword "Plog" {vorpal, rF- rN+ Will++}
rCold   . . .      Faith    .   (no shield)
rNeg    + . .      Spirit   .   (body armour currently unavailable)
rPois   +          Reflect  .   (helmet currently unavailable)
rElec   .          Harm     .   (cloak currently unavailable)
rCorr   .          Rampage  .   (gloves unavailable)
Will    ++...      NoTele   +   (boots unavailable)
Stlth   +.........              (no amulet)
HPRegen 0.26/turn               (no ring)
MPRegen 0.10/turn               (no ring)

@: tree-form, corroded
A: stationary, stasis, torment immunity, boosted hp, large, unfitting armour,
(tough skin 1), deterioration 1, frail 1
a: Renounce Religion, Potion Petition, Call Merchant, Bribe Branch


You were on level 5 of the Dungeon.
You worshipped Gozag.
Gozag was pleased with you.
You were a tree.
You visited 1 branch of the dungeon, and saw 5 of its levels.

You collected 548 gold pieces.
You paid 34 gold pieces to Gozag.

Inventory:

Hand Weapons
 a - a +0 quarterstaff
 s - a +1 war axe of distortion
 A - the +1 short sword "Plog" (weapon) {vorpal, rF- rN+ Will++}
   (You found it on level 5 of the Dungeon)

   It inflicts extra damage upon your enemies.
   rF:        It makes you vulnerable to fire.
   rN:        It protects you from negative energy.
   Will:      It greatly increases your willpower.
Missiles
 d - 3 throwing nets (quivered)
 e - 3 large rocks
 o - 2 poisoned darts
 q - 4 atropa-tipped darts
Armour
 b - a +0 robe (melded)
 c - a +0 hat (melded)
Jewellery
 y - a ring of ice
Scrolls
 f - 6 scrolls of identify {unknown}
 g - a scroll of poison {unknown}
 h - 5 scrolls of teleportation {unknown}
 i - a scroll of blinking {unknown}
 k - 2 scrolls of fear {unknown}
 l - 3 scrolls of immolation
 t - a scroll of torment {unknown}
 u - a scroll of vulnerability {unknown}
 v - a scroll of silence {unknown}
 w - a scroll of acquirement {unknown}
 x - a scroll of fog {unknown}
Potions
 j - a potion of lignification
 m - a potion of invisibility {unknown}
 n - 2 potions of curing
 p - a potion of cancellation {unknown}
 r - a potion of berserk rage {unknown}
 z - a potion of attraction {unknown}


   Skills:
 + Level 5.6 Fighting
 + Level 4.0 Axes
 + Level 5.1 Staves
 + Level 2.1 Throwing
 + Level 4.2 Dodging
 + Level 1.3 Stealth


You had 6 spell levels left.
You didn't know any spells.
Your spell library contained the following spells:

 Spells                   Type           Power      Damage    Failure   Level
 Scorch                   Fire           0%         2d5       52%         2
 Call Canine Familiar     Summ           0%         N/A       77%         3
 Gell's Gravitas          Tloc           0%         N/A       77%         3
 Ozocubu's Armour         Ice            0%         N/A       77%         3
 Teleport Other           Tloc           0%         N/A       77%         3
 Flame Wave               Conj/Fire      0%         2d4       99%         4
 Leda's Liquefaction      Hex/Erth       0%         N/A       99%         4
 Summon Ice Beast         Ice/Summ       0%         N/A       99%         4
 Lee's Rapid Deconstruct  Erth           0%         3d5*      100%        5
 Metabolic Englaciation   Hex/Ice        0%         N/A       100%        5
 Dispersal                Tloc           0%         N/A       100%        6
 Statue Form              Tmut/Erth      0%         N/A       100%        6
 Summon Cactus Giant      Summ           0%         N/A       100%        6
 Necromutation            Tmut/Necr      0%         N/A       100%        8
 Summon Horrible Things   Summ           0%         N/A       100%        8
 Animate Dead             Necr           Unusable   N/A       N/A         4
 Simulacrum               Ice/Necr       Unusable   N/A       N/A         6

Dungeon Overview and Level Annotations

Branches:
Dungeon (5/15)
 Temple: D:4-7

Altars:
Dithmenos
Elyvilon
Gozag
Qazlal
Uskayaw

Shops:
D:4 *


Innate Abilities, Weirdness & Mutations

You are a tree.
Your roots penetrate the ground, keeping you stationary.
You cannot be teleported.
You are immune to unholy pain and torment.
Your maximum health is greatly increased.
Your equipment is partially melded.
You are too large for most types of armour.
((You have tough skin. (AC +1)))
Your body sometimes deteriorates upon taking damage.
You are frail. (-10% HP)


Message History

The rust devil hits you. The rust devil corrodes you!
You hit the kobold demonologist.
The kobold demonologist is heavily wounded.
The white imp spits at you.
The kobold demonologist hits you with a +0 dagger.
The ynoxinul gestures at you. The iron shot hits you!
* * * LOW HITPOINT WARNING * * *
The rust devil hits you.
* * * LOW HITPOINT WARNING * * *
The rust devil corrodes you!
You hit the kobold demonologist but do no damage.
The kobold demonologist is heavily wounded.
The kobold demonologist hits you but does no damage.
The ynoxinul gestures.
The rust devil hits you. The rust devil corrodes you!
You closely miss the kobold demonologist.
The kobold demonologist is heavily wounded.
The crimson imp blinks!
The kobold demonologist hits you with a +0 dagger.
* * * LOW HITPOINT WARNING * * *
The ynoxinul hits you but does no damage.
The rust devil hits you.
* * * LOW HITPOINT WARNING * * *
The rust devil corrodes you!
You closely miss the kobold demonologist.
The kobold demonologist is heavily wounded.
The kobold demonologist casts a cantrip, but nothing happens.
The ynoxinul hits you.
* * * LOW HITPOINT WARNING * * *
The rust devil hits you. The rust devil corrodes you!
You closely miss the kobold demonologist.
The kobold demonologist is heavily wounded.
The crimson imp picks up a beetle and eats it.
The kobold demonologist gestures wildly while chanting.
The ynoxinul hits you!
* * * LOW HITPOINT WARNING * * *
The rust devil hits you!
You die...
Your body crumbles into a pile of gold.

##### #.###
#
#.#.####..#
#........#
###..#####
#..# ##)##
#55##
##35.#
#♣4#..#
#K###.# #5#
.# #5# .#
.5# . #.#
#.# #.#


You could see a rust devil (summoned), a kobold demonologist, a ynoxinul
(summoned), 2 crimson imps, a white imp (summoned) and 3 ufetubi.

Vanquished Creatures
  A bullfrog (D:4)
  3 scorpions
  A howler monkey (D:5)
  A hound (D:4)
  A gnoll shaman (D:4)
  Terence (D:3)
  3 iguanas
  Robin (D:4)
  7 adders
  3 gnolls (D:4)
  A shadow imp (D:5)
  2 white imps (D:5)
  2 ufetubi (D:5)
  4 worms
  A dart slug (D:1)
  2 orcs
  7 ball pythons
  13 bats
  4 endoplasms
  7 giant cockroaches
  11 goblins
  9 hobgoblins
  4 jackals (D:2)
  5 kobolds
  3 quokkas
  7 rats
104 creatures vanquished.

Notes
Turn   | Place    | Note
-------+----------+-------------------------------------------
     0 | D:1      | xian the Ogre Gladiator began the quest for the Orb.
     0 | D:1      | Reached XP level 1. HP: 22/22 MP: 1/1
    73 | D:1      | Reached XP level 2. HP: 9/29 MP: 2/2
   832 | D:1      | Found a faded altar of an unknown god.
  1058 | D:1      | Reached XP level 3. HP: 27/36 MP: 3/3
  1892 | D:2      | Reached XP level 4. HP: 45/45 MP: 4/4
  2273 | D:2      | Found an opulent altar of Gozag.
  2292 | D:2      | Became a worshipper of Gozag Ym Sagoz the Greedy
  2380 | D:3      | Found a white marble altar of Elyvilon.
  2780 | D:3      | Got the Tome of Darkness
  2846 | D:3      | Noticed Terence
  2860 | D:3      | Killed Terence
  2861 | D:3      | Reached XP level 5. HP: 16/53 MP: 5/5
  3336 | D:4      | Noticed a +0 short sword
  3337 | D:4      | Noticed a +0 dagger
  3338 | D:4      | Noticed a +0 dagger
  3339 | D:4      | Noticed a +0 spear
  3340 | D:4      | Noticed a +0 spear
  3340 | D:4      | Noticed a +0 falchion
  3340 | D:4      | Noticed a +0 short sword
  3342 | D:4      | Found a hide-covered altar of Uskayaw.
  3342 | D:4      | Noticed a +0 falchion
  3342 | D:4      | Noticed Robin
  3398 | D:4      | Killed Robin
  3414 | D:4      | Reached XP level 6. HP: 13/62 MP: 6/6
  3724 | D:4      | Reached skill level 1 in Axes
  3724 | D:4      | Reached skill level 5 in Staves
  3724 | D:4      | Reached skill level 1 in Stealth
  4061 | D:4      | Found a stormy altar of Qazlal.
  4396 | D:4      | Found Nesi's Fire Supplies.
  4564 | D:5      | Entered Level 5 of the Dungeon
  4564 | D:5      | Found a shadowy altar of Dithmenos.
  4573 | D:5      | Reached skill level 5 in Fighting
  4573 | D:5      | Reached XP level 7. HP: 62/72 MP: 7/7
  4743 | D:5      | Got the Handbook of Illusion and Clay
  4748 | D:5      | Identified the +1 short sword "Plog" {vorpal, rF- rN+
                  | Will++}
  4751 | D:5      | Gained mutation: Your body sometimes deteriorates upon
                  | taking damage. [mutagenic glow]
  4780 | D:5      | Gained mutation: You are frail. (-10% HP) [mutagenic glow]
  4948 | D:5      | Noticed a kobold demonologist
  4965 | D:5      | Noticed a rust devil
  4965 | D:5      | Noticed a ynoxinul
  4972 | D:5      | HP: 4/96 [ynoxinul[a kobold demonologist] (12)]
  4972 | D:5      | Mangled by a rust devil

Illustrated notes

Levels and vault maps discovered:
D:1:      dpeg_arrival_line_fractal, layout_loops_cross,
          hellmonk_ecumenical_altar_blasted, kennysheep_nondescript
D:2:      layout_basic, basic_altar, grunt_ministairs_13
D:3:      layout_basic, mainiacjoe_overflow_alcove_2, uniq_terence
D:4:      layout_rooms, nicolae_uskayaw_en_pointe, lemuel_crystal_altar,
          nicolae_shop_fire_sale [nicolae_sub_dead_trees], kennysheep_diamond,
          minmay_misc_feat_chi, hangedman_decor_growths,
          minmay_misc_feat_rugged, uniq_robin
D:5:      minmay_opposing_rooms, layout_rooms, mainiacjoe_overflow_tiny_flanked,
          nicolae_ru_awakened_eye, temple_doors_e, minmay_chambers_of_fives

Skill      XL: |  1  2  3  4  5  6  7 |
---------------+----------------------+-----
Dodging        | 3 4 |  4.2
Fighting       | 3 4 5 |  5.6
Staves         | 4 5 |  5.1
Axes           | 2 4 |  4.0
Stealth        | 1 |  1.3
Throwing       | |  2.1

Action                   |  1- 3 |  4- 6 |  7- 9 || total
-------------------------+-------+-------+-------++-------
Melee: Quarterstaff      |   121 |    90 |       ||   211
       War axe           |       |    49 |    23 ||    72
       Punch             |       |     1 |     1 ||     2
       Short sword       |       |       |    23 ||    23
  Use: Potion            |       |       |     2 ||     2
 Stab: Sleeping          |       |     2 |       ||     2
Armor: Robe              |    73 |    48 |     8 ||   129
       Skin              |       |       |     5 ||     5
Dodge: Dodged            |    99 |   108 |    26 ||   233

Table legend: (Time is in decaauts)
 A = Elapsed time spent in this place.
 B = Non-inter-level travel time spent in this place.
 C = Inter-level travel time spent in this place.
 D = Time resting spent in this place.
 E = Time spent auto-exploring this place.
 F = Levels seen in this place.
 G = Mean time per level.
                   A        B        C        D        E       F      G
               +--------+--------+--------+--------+--------+-----+--------+
         Total |   5035 |   4959 |     76 |    724 |   2797 |   5 | 1007.0 |
       Dungeon |   5035 |   4959 |     76 |    724 |   2797 |   5 | 1007.0 |
               +--------+--------+--------+--------+--------+-----+--------+

Top non-repeatable levels by time:
     D:1: 1443 daAuts
     D:4: 1254 daAuts
     D:3: 1179 daAuts
     D:2: 740 daAuts
     D:5: 418 daAuts
